AoeStats
← ziko

Black Forest

509441280Analyzed
4v4 RM · 4d ago on Sep 26, 2026· 37m 42s· 8 players
Game mode
Random Map
Map size
Large (8 player)
Population
200
Speed
Normal
Resources
Standard
Victory
Conquest
Starting age
Dark Age
Ending age
Imperial Age
RankedLock teamsTeams togetherTeam positionsShared explorationLock speedFull tech treeHidden civsTurbo modeCheats
Victory
Defeat
🇦🇿 Franks · Azerbaijan
1012
+15
🇦🇺 Turks · Australia
1008
+15
🇦🇿 Italians · Azerbaijan
1005
+15
🇮🇳 Danes · India
975
+16
🇨🇴 Khmer · Colombia
1012
-16
🇦🇷 Ethiopians · Argentina
998
-16
🇨🇱 Turks · Chile
986
-15
🇦🇷 Vietnamese · Argentina
956
-14
LordSakayO
0:27 Loom
11:59 Feudal Age
15:36 Castle Age
13:34 Horse Collar
13:43 Double-Bit Axe
22:15 Bow Saw
22:24 Heavy Plow
26:25 Wheelbarrow
27:19 Gold Mining
27:22 Stone Mining
27:51 Hand Cart
29:09 Gold Shaft Mining
29:12 Stone Shaft Mining
31:51 Imperial Age
30:38 Bloodlines
30:28 Husbandry
truj
9:29 Loom
11:55 Feudal Age
14:03 Wheelbarrow
24:54 Castle Age
BELiKA
2:01 Loom
10:28 Feudal Age
14:13 Castle Age
12:09 Double-Bit Axe
12:26 Horse Collar
12:46 Gold Mining
24:26 Bow Saw
27:37 Wheelbarrow
27:00 Town Watch
27:41 Stone Mining
28:07 Heavy Plow
32:54 Imperial Age
30:42 Hand Cart
30:27 Town Patrol
30:21 Fletching
30:31 Padded Archer Armor
30:57 Bodkin Arrow
31:11 Thumb Ring
32:01 Ballistics
31:37 Murder Holes
32:27 Gold Shaft Mining
31:55 Town Patrol
31:52 Crossbowman
33:17 Leather Archer Armor
33:58 Stone Shaft Mining
34:42 Chemistry
34:07 Bracer
34:00 Arbalester
35:45 Ring Archer Armor
36:31 Siege Engineers
Biggie Smalls
5:15 Loom
14:31 Feudal Age
16:06 Horse Collar
16:13 Double-Bit Axe
18:44 Gold Mining
21:36 Castle Age
20:30 Stone Mining
26:20 Bow Saw
31:07 Treadmill Crane
32:08 Heavy Plow
34:53 Imperial Age
Badbrahmin
1:05 Loom
11:10 Feudal Age
11:27 Man-at-Arms
13:17 Double-Bit Axe
13:34 Arson
20:40 Horse Collar
24:42 Castle Age
23:10 Gold Mining
23:13 Stone Mining
27:08 Bow Saw
27:22 Heavy Plow
27:59 Gold Shaft Mining
28:01 Stone Shaft Mining
31:13 Wheelbarrow
35:04 Imperial Age
32:59 Forging
32:49 Scale Mail Armor
34:15 Hand Cart
33:45 Town Watch
36:49 Iron Casting
36:30 Chain Mail Armor
37:19 Elite Jomsviking
38:20 Conscription
37:21 Hamask
Rido
0:26 Loom
10:39 Feudal Age
11:26 Double-Bit Axe
15:27 Castle Age
14:23 Horse Collar
16:43 Bow Saw
17:49 Scale Barding Armor
17:57 Forging
18:57 Wheelbarrow
21:06 Wheelbarrow
22:20 Hand Cart
22:31 Chain Barding Armor
22:47 Husbandry
22:57 Bloodlines
28:12 Imperial Age
26:12 Gold Mining
26:13 Stone Mining
26:31 Heavy Plow
27:47 Iron Casting
29:50 Gold Shaft Mining
29:55 Plate Barding Armor
32:45 Blast Furnace
33:24 Two-Man Saw
32:59 Town Watch
32:46 Heavy Camel Rider
34:01 Town Patrol
36:48 Fletching
36:58 Padded Archer Armor
ziko
0:33 Loom
12:26 Feudal Age
16:51 Castle Age
15:07 Double-Bit Axe
17:56 Bow Saw
25:26 Wheelbarrow
30:12 Imperial Age
28:02 Gold Mining
31:36 Gold Shaft Mining
31:24 Conscription
32:27 Hand Cart
34:09 Town Watch
34:33 Scale Barding Armor
34:38 Forging
33:52 Cavalier
34:34 Husbandry
ZaZa
11:44 Feudal Age
17:22 Castle Age
15:14 Gold Mining
15:10 Double-Bit Axe
15:08 Horse Collar
22:42 Imperial Age
21:36 Wheelbarrow
24:23 Chemistry
23:44 Ballistics
24:22 Fletching
28:57 Bow Saw
35:33 Hand Cart
36:42 Thumb Ring
Connection lost

Rejoining the realm…

Still unreachable

The connection could not be restored.

Session expired

The server has moved on; the page needs a fresh start.